TOP OF THE 1ST |
Philadelphia Keystones batting - Pitching for Indianapolis Stars : LHP Kid Paul
|
Pitching: LHP Kid Paul
|
|
Batting: RHB James McErvin
|
0-0: Ball 1-0: Ground out 1-3 (Groundball, 23, EV 73.8 MPH)
|
Batting: RHB Jimmy Roberts
|
0-0: Ball 1-0: Ball 2-0: Fly out, F5 (Line Drive, 5L, EV 68.1 MPH)
|
Batting: SHB Harry Lowe
|
0-0: Called Strike 0-1: Hit by Pitch
|
Batting: LHB Tommy Jones
|
0-0: Called Strike 0-1: Swinging Strike 0-2: Strikes out swinging
|
Top of the 1st over - 0 runs, 0 hits, 0 errors, 1 left on base; Philadelphia 0 - Indianapolis 0 |
BOTTOM OF THE 1ST |
Indianapolis Stars batting - Pitching for Philadelphia Keystones : LHP Fred Kendall
|
Pitching: LHP Fred Kendall
|
|
Batting: RHB Joe Roberts
|
0-0: Ball 1-0: Ball 2-0: Fly out, F7 (Flyball, 7LM, EV 84.4 MPH)
|
Batting: RHB Pete Presswood
|
0-0: Called Strike 0-1: Ball 1-1: Ball 2-1: Called Strike 2-2: Strikes out swinging
|
Batting: RHB Ed Maxwell
|
0-0: Ball 1-0: Ground out U3 (Groundball, 3, EV 101.3 MPH)
|
Bottom of the 1st over - 0 runs, 0 hits, 0 errors, 0 left on base; Philadelphia 0 - Indianapolis 0 |
TOP OF THE 2ND |
Philadelphia Keystones batting - Pitching for Indianapolis Stars : LHP Kid Paul
|
Batting: RHB Henry Lackey
|
0-0: Ground out 4-3 (Groundball, 4, EV 103.1 MPH)
|
Batting: RHB George Reavis
|
0-0: Ball 1-0: Ball 2-0: Fly out, F2 (Popup, 25F, EV 86.3 MPH)
|
Batting: RHB Wilson Romes
|
0-0: Ball 1-0: Called Strike 1-1: Ground out U3 (Groundball, 34, EV 106.3 MPH)
|
Top of the 2nd over - 0 runs, 0 hits, 0 errors, 0 left on base; Philadelphia 0 - Indianapolis 0 |
BOTTOM OF THE 2ND |
Indianapolis Stars batting - Pitching for Philadelphia Keystones : LHP Fred Kendall
|
Batting: RHB Will Blankenship
|
0-0: Called Strike 0-1: Called Strike 0-2: Strikes out swinging
|
Batting: RHB Sam Redwine
|
0-0: Ball 1-0: Called Strike 1-1: Called Strike 1-2: Ball 2-2: Strikes out looking
|
Batting: RHB Alonzo Dean
|
0-0: Ball 1-0: Ground out U3 (Groundball, 3S, EV 83.1 MPH)
|
Bottom of the 2nd over - 0 runs, 0 hits, 0 errors, 0 left on base; Philadelphia 0 - Indianapolis 0 |
TOP OF THE 3RD |
Philadelphia Keystones batting - Pitching for Indianapolis Stars : LHP Kid Paul
|
Batting: RHB Ira Givens
|
0-0: Ball 1-0: Ball 2-0: Ball 3-0: Base on Balls
|
Batting: LHB Fred Kendall
|
0-0: Reached on error, E5 (Groundball, 25, EV 43.8 MPH) Ira Givens to third
|
Batting: RHB James McErvin
|
0-0: Called Strike 0-1: Ball 1-1: Ball 2-1: Fly out, F9 (Flyball, 9D, EV 110.0 MPH) Runner from 3rd tags up, SCORES, no throw by RF
|
Batting: RHB Jimmy Roberts
|
0-0: Foul Ball, location: 9LSF 0-1: Fly out, F7 (Line Drive, 7S, EV 93.8 MPH)
|
Batting: SHB Harry Lowe
|
0-0: Foul Ball, location: 3F 0-1: Ball 1-1: Foul Ball, location: 5F 1-2: Foul Ball, location: 9LMF 1-2: Ball 2-2: Fly out, F8 (Flyball, 8RXD, EV 88.8 MPH)
|
Top of the 3rd over - 1 run, 0 hits, 1 error, 1 left on base; Philadelphia 1 - Indianapolis 0 |
BOTTOM OF THE 3RD |
Indianapolis Stars batting - Pitching for Philadelphia Keystones : LHP Fred Kendall
|
Batting: RHB Fred Malone
|
0-0: Fly out, F6 (Popup, 6MS, EV 63.8 MPH)
|
Batting: RHB Sol Griffin
|
0-0: Ball 1-0: Called Strike 1-1: Foul Ball, location: 2F 1-2: Ball 2-2: Ball 3-2: Ground out 4-3 (Groundball, 4, EV 89.4 MPH)
|
Batting: LHB Kid Paul
|
0-0: Called Strike 0-1: Fly out, F6 (Popup, 4M, EV 60.0 MPH)
|
Bottom of the 3rd over - 0 runs, 0 hits, 0 errors, 0 left on base; Philadelphia 1 - Indianapolis 0 |
TOP OF THE 4TH |
Philadelphia Keystones batting - Pitching for Indianapolis Stars : LHP Kid Paul
|
Batting: LHB Tommy Jones
|
0-0: Ball 1-0: Called Strike 1-1: Ball 2-1: Foul Ball, location: 23F 2-2: Ground out U3 (Groundball, 3, EV 81.9 MPH)
|
Batting: RHB Henry Lackey
|
0-0: Ball 1-0: Ball 2-0: Foul Ball, location: 5DF 2-1: Ball 3-1: Base on Balls
|
Batting: RHB George Reavis
|
0-0: Ball 1-0: Reached on error, E3 (Groundball, 23, EV 43.8 MPH) Henry Lackey to third
|
Batting: RHB Wilson Romes
|
0-0: Ball 1-0: Foul Ball, location: 9LSF 1-1: Swinging Strike 1-2: Foul Ball, location: 3F 1-2: Foul Ball, location: 2F 1-2: DOUBLE (Line Drive, 9LM, EV 107.5 MPH) Henry Lackey scores George Reavis scores
|
Batting: RHB Ira Givens
|
0-0: Ground out 4-3 (Groundball, 4, EV 85.0 MPH) Wilson Romes to third
|
Batting: LHB Fred Kendall
|
0-0: Fly out, F8 (Flyball, 8RXD, EV 94.4 MPH)
|
Top of the 4th over - 2 runs, 1 hit, 1 error, 1 left on base; Philadelphia 3 - Indianapolis 0 |
BOTTOM OF THE 4TH |
Indianapolis Stars batting - Pitching for Philadelphia Keystones : LHP Fred Kendall
|
Batting: RHB Joe Roberts
|
0-0: Ball 1-0: Called Strike 1-1: Called Strike 1-2: Foul Ball, location: 5F 1-2: Reached on error, E5 (Groundball, 56, EV 85.0 MPH)
|
Batting: RHB Pete Presswood
|
0-0: SINGLE (Groundball, 6MD, EV 102.5 MPH) Joe Roberts to second Runner from 2nd tries for 3rd, SAFE, throw by CF made to third Pete Presswood to second
|
Batting: RHB Ed Maxwell
|
0-0: Ball 1-0: Called Strike 1-1: Ball 2-1: Fly out, F8 (Flyball, 8LD, EV 106.9 MPH) Runner from 3rd tags up, SCORES, no throw by CF
|
Batting: RHB Will Blankenship
|
0-0: Ball Pete Presswood steals 3rd base 1-0: Ball 2-0: Swinging Strike 2-1: Ground out 5-3 (Groundball, 56, EV 111.9 MPH)
|
Batting: RHB Sam Redwine
|
0-0: Ball 1-0: Ball 2-0: Foul Ball, location: 5DF 2-1: Ball 3-1: Foul Ball, location: 2F 3-2: Strikes out swinging
|
Bottom of the 4th over - 1 run, 1 hit, 1 error, 1 left on base; Philadelphia 3 - Indianapolis 1 |
TOP OF THE 5TH |
Philadelphia Keystones batting - Pitching for Indianapolis Stars : LHP Kid Paul
|
Batting: RHB James McErvin
|
0-0: Ball 1-0: SINGLE (Line Drive, 78S, EV 106.9 MPH)
|
Batting: RHB Jimmy Roberts
|
0-0: Ball James McErvin steals 2nd base 1-0: Ball 2-0: Fly out, F9 (Flyball, 89D, EV 98.8 MPH) Runner from 2nd tags up, SAFE at 3rd, no throw by RF
|
Batting: SHB Harry Lowe
|
0-0: Ball 1-0: SINGLE (Groundball, 4MD, EV 97.5 MPH) James McErvin scores
|
Batting: LHB Tommy Jones
|
0-0: Called Strike 0-1: Ground out 6-3 (Groundball, 6, EV 62.5 MPH) Harry Lowe to second
|
Batting: RHB Henry Lackey
|
0-0: Ball 1-0: Ball 2-0: Swinging Strike 2-1: Ball 3-1: Base on Balls
|
Batting: RHB George Reavis
|
0-0: Ball 1-0: Swinging Strike 1-1: Foul Ball, location: 3FF 1-2: Strikes out swinging
|
Top of the 5th over - 1 run, 2 hits, 0 errors, 2 left on base; Philadelphia 4 - Indianapolis 1 |
BOTTOM OF THE 5TH |
Indianapolis Stars batting - Pitching for Philadelphia Keystones : LHP Fred Kendall
|
Batting: RHB Alonzo Dean
|
0-0: Foul Ball, location: 2F 0-1: Swinging Strike 0-2: Ball 1-2: Strikes out swinging
|
Batting: RHB Fred Malone
|
0-0: Called Strike 0-1: Ground out 1-3 (Groundball, 15S, EV 70.6 MPH)
|
Batting: RHB Sol Griffin
|
0-0: Ball 1-0: Called Strike 1-1: Foul Ball, location: 2F 1-2: Ball 2-2: Strikes out swinging
|
Bottom of the 5th over - 0 runs, 0 hits, 0 errors, 0 left on base; Philadelphia 4 - Indianapolis 1 |
TOP OF THE 6TH |
Philadelphia Keystones batting - Pitching for Indianapolis Stars : LHP Kid Paul
|
Batting: RHB Wilson Romes
|
0-0: Ball 1-0: Ball 2-0: Ground out 6-3 (Groundball, 6D, EV 108.1 MPH)
|
Batting: RHB Ira Givens
|
0-0: Ball 1-0: Ground out U3 (Groundball, 3, EV 101.9 MPH)
|
Batting: LHB Fred Kendall
|
0-0: Called Strike 0-1: Called Strike 0-2: Ball 1-2: Ball 2-2: Ground out 6-3 (Groundball, 6, EV 88.1 MPH)
|
Top of the 6th over - 0 runs, 0 hits, 0 errors, 0 left on base; Philadelphia 4 - Indianapolis 1 |
BOTTOM OF THE 6TH |
Indianapolis Stars batting - Pitching for Philadelphia Keystones : LHP Fred Kendall
|
Batting: LHB Kid Paul
|
0-0: Ball 1-0: Foul Ball, location: 23F 1-1: Foul Ball, location: 2F 1-2: Reached on error, E7 (Flyball, 7S, EV 93.8 MPH)
|
Batting: RHB Joe Roberts
|
0-0: Ball 1-0: Bunted foul 1-1: Sac Bunt to 3S - play at second, runner safe!
|
Batting: RHB Pete Presswood
|
0-0: Called Strike 0-1: Fly out, F7 (Line Drive, 7, EV 103.1 MPH)
|
Batting: RHB Ed Maxwell
|
0-0: Called Strike 0-1: Ball 1-1: Foul Ball, location: 2F 1-2: Ball 2-2: Ball 3-2: Grounds into double play, 5-4-3 (Groundball, 56S, EV 93.8 MPH)
|
Bottom of the 6th over - 0 runs, 0 hits, 1 error, 1 left on base; Philadelphia 4 - Indianapolis 1 |
TOP OF THE 7TH |
Philadelphia Keystones batting - Pitching for Indianapolis Stars : LHP Kid Paul
|
Batting: RHB James McErvin
|
0-0: Ball 1-0: Called Strike 1-1: Foul Ball, location: 9LMF 1-2: Ball 2-2: Fly out, F4 (Popup, 34, EV 71.9 MPH)
|
Batting: RHB Jimmy Roberts
|
0-0: DOUBLE (Line Drive, 78M, EV 110.6 MPH)
|
Batting: SHB Harry Lowe
|
0-0: SINGLE (Groundball, 6MD, EV 102.5 MPH) Jimmy Roberts to third
|
Batting: LHB Tommy Jones
|
0-0: Ball 1-0: Called Strike 1-1: Called Strike 1-2: Strikes out swinging
|
Pitching: LHP Dempsey Davis
|
|
Batting: RHB Henry Lackey
|
0-0: Called Strike 0-1: Ball 1-1: SINGLE (Line Drive, 6MD, EV 96.3 MPH) Jimmy Roberts scores Harry Lowe to second
|
Batting: RHB George Reavis
|
0-0: Swinging Strike 0-1: Called Strike 0-2: Ball 1-2: Ball 2-2: Foul Ball, location: 7LDF 2-2: Ball 3-2: Base on Balls Harry Lowe to third Henry Lackey to second
|
Batting: RHB Wilson Romes
|
0-0: Called Strike 0-1: Fielders Choice at 2nd, 5-4 (Groundball, 56, EV 93.1 MPH)
|
Top of the 7th over - 1 run, 3 hits, 0 errors, 3 left on base; Philadelphia 5 - Indianapolis 1 |
BOTTOM OF THE 7TH |
Indianapolis Stars batting - Pitching for Philadelphia Keystones : LHP Fred Kendall
|
Batting: RHB Will Blankenship
|
0-0: Ball 1-0: Fly out, F8 (Flyball, 8LD, EV 86.3 MPH)
|
Batting: RHB Sam Redwine
|
0-0: Ground out 5-3 (Groundball, 5, EV 101.9 MPH)
|
Batting: RHB Alonzo Dean
|
0-0: Called Strike 0-1: Ball 1-1: Foul Ball, location: 25F 1-2: Ground out 6-3 (Groundball, 6, EV 85.6 MPH)
|
Bottom of the 7th over - 0 runs, 0 hits, 0 errors, 0 left on base; Philadelphia 5 - Indianapolis 1 |
TOP OF THE 8TH |
Philadelphia Keystones batting - Pitching for Indianapolis Stars : LHP Dempsey Davis
|
Batting: RHB Ira Givens
|
0-0: Swinging Strike 0-1: Fly out, F7 (Flyball, 7, EV 90.6 MPH)
|
Batting: LHB Fred Kendall
|
0-0: Called Strike 0-1: Ball 1-1: Ball 2-1: Called Strike 2-2: Strikes out looking
|
Batting: RHB James McErvin
|
0-0: Ball 1-0: Ball 2-0: Foul Ball, location: 25F 2-1: Foul Ball, location: 2F 2-2: Foul Ball, location: 2F 2-2: DOUBLE (Flyball, 8RXD, EV 93.8 MPH)
|
Batting: RHB Jimmy Roberts
|
0-0: Ball 1-0: Called Strike 1-1: Swinging Strike 1-2: SINGLE (Groundball, 4D, EV 105.0 MPH) James McErvin to third
|
Batting: SHB Harry Lowe
|
0-0: Called Strike 0-1: Ball 1-1: Called Strike 1-2: Strikes out looking
|
Top of the 8th over - 0 runs, 2 hits, 0 errors, 2 left on base; Philadelphia 5 - Indianapolis 1 |
BOTTOM OF THE 8TH |
Indianapolis Stars batting - Pitching for Philadelphia Keystones : LHP Fred Kendall
|
Batting: RHB Fred Malone
|
0-0: Ball 1-0: Ball 2-0: Called Strike 2-1: Ball 3-1: Base on Balls
|
Batting: RHB Sol Griffin
|
|
Pinch Hitting: LHB Thomas Laflora
|
0-0: Ball 1-0: DOUBLE (Line Drive, 9LS, EV 106.9 MPH) Fred Malone to third
|
Pinch Hitting: SHB John Cox
|
0-0: Swinging Strike 0-1: Foul Ball, location: 3SF 0-2: Ball 1-2: Foul Ball, location: 2RF 1-2: Strikes out looking
|
Batting: RHB Joe Roberts
|
0-0: Ball 1-0: Ball 2-0: Ball 3-0: Called Strike 3-1: Base on Balls
|
Batting: RHB Pete Presswood
|
0-0: Called Strike 0-1: Ball 1-1: Foul Ball, location: 23FF 1-2: Foul Ball, location: 23F 1-2: Ball 2-2: Fielders Choice at 2nd, 6-4 (Groundball, 6, EV 88.1 MPH) Fred Malone scores Thomas Laflora to third
|
Batting: RHB Ed Maxwell
|
0-0: Called Strike 0-1: Called Strike 0-2: Ball 1-2: Fielders Choice at 2nd, 6-4 (Groundball, 6, EV 103.8 MPH)
|
Bottom of the 8th over - 1 run, 1 hit, 0 errors, 2 left on base; Philadelphia 5 - Indianapolis 2 |
TOP OF THE 9TH |
Philadelphia Keystones batting - Pitching for Indianapolis Stars : LHP Dempsey Davis
|
Pitching: RHP Tack Head Newberry
|
|
Now at 2B: Bob Brooks
|
|
Batting: LHB Tommy Jones
|
0-0: Fly out, F7 (Flyball, 78S, EV 89.4 MPH)
|
Batting: RHB Henry Lackey
|
0-0: Ball 1-0: Ball 2-0: Foul Ball, location: 25FF 2-1: Fly out, F4 (Popup, 23, EV 85.0 MPH)
|
Batting: RHB George Reavis
|
0-0: Ball 1-0: Ball 2-0: Swinging Strike 2-1: Reached on error, E5 (Groundball, 56, EV 91.3 MPH)
|
Batting: RHB Wilson Romes
|
0-0: Ball 1-0: Ball 2-0: Ball 3-0: Called Strike 3-1: Foul Ball, location: 3SF 3-2: Foul Ball, location: 9LMF 3-2: Strikes out swinging
|
Top of the 9th over - 0 runs, 0 hits, 1 error, 1 left on base; Philadelphia 5 - Indianapolis 2 |
BOTTOM OF THE 9TH |
Indianapolis Stars batting - Pitching for Philadelphia Keystones : LHP Fred Kendall
|
Now in RF: Herb Hayes
|
|
Batting: RHB Will Blankenship
|
0-0: Ball 1-0: Ball 2-0: Called Strike 2-1: Foul Ball, location: 9LMF 2-2: Strikes out swinging
|
Batting: RHB Sam Redwine
|
0-0: Foul Ball, location: 2F 0-1: Ground out 2-3 (Groundball, 15S, EV 72.5 MPH)
|
Batting: RHB Alonzo Dean
|
0-0: Swinging Strike 0-1: Ball 1-1: Ball 2-1: SINGLE (Groundball, 4MD, EV 105.0 MPH)
|
Batting: RHB Fred Malone
|
0-0: Swinging Strike 0-1: Foul Ball, location: 2F 0-2: Ball 1-2: Ball 2-2: Foul Ball, location: 9LSF 2-2: Foul Ball, location: 9LSF 2-2: Ground out 6-3 (Groundball, 6S, EV 63.8 MPH)
|
Bottom of the 9th over - 0 runs, 1 hit, 0 errors, 1 left on base; Philadelphia 5 - Indianapolis 2 |
|